 Dungeon Crawl Stone Soup version 0.31-a0-339-gda1cbd555d (webtiles) character file.

Game seed: 12686772700107054736

83298 Zonian the Thaumaturge (level 15, -7/130 HPs)
             Began as a Demonspawn Ice Elementalist on July 16, 2023.
             Was a High Priest of Ashenzari.
             Mangled by a titanic slime creature (60 damage)
             ... on level 14 of the Dungeon on July 21, 2023.
             The game lasted 01:40:48 (29811 turns).

Zonian the Thaumaturge (DsIE)                      Turns: 29811, Time: 01:40:49

Health: -7/130     AC: 13    Str:  7    XL:     15   Next: 31%
Magic:  0/34       EV: 22    Int: 19    God:    Ashenzari [*****.]
Gold:   1446       SH:  6    Dex: 22    Spells: 23/45 levels left

rFire   + + .        Q - +5 long sword "Demonbane" {freeze, Stlth+}
rCold   + . .        B - +0 buckler "Ensconced Together" {Melee, Range} (curse)
rNeg    . . .        x - +1 steam dragon scales of the Esoteric Anarchy {Bglg, Elem} (curse)
rPois   +            (helmet unavailable)
rElec   .            r - +1 cloak of Ashenzari's Gnosis {Comp, Range} (curse)
rCorr   +            O - +0 pair of gloves of the Enigmatic God {Elem, Cun} (curse)
SInv    +            A - +1 pair of boots of Curses and Power {Elem, Self} (curse)
Will    +....        g - amulet of Ashenzari's Comet {Spirit rF+ rC+ Dex+2, Self, Fort} (curse)
Stlth   ++++++       n - ring "Failure of Ashenzari" {Wiz, Dev, Self} (curse)
HPRegen 0.41/turn    X - ring of Ouranomancy {rPois rF+ rCorr Str-3 Dex+3 Slay+4, Dev, Elem} (curse)
MPRegen 0.24/turn

%: repel missiles, clarity, guardian spirit, wizardry (x1)
@: no status effects
A: antennae 3, repulsion field 3, foul stench 2, spiny 2
a: Renounce Religion, Curse Item, Shatter the Chains


You were on level 14 of the Dungeon.
You worshipped Ashenzari.
Ashenzari was extremely pleased with you.
You visited 3 branches of the dungeon, and saw 20 of its levels.
You also visited: Bailey and Gauntlet.

You collected 1446 gold pieces.

Inventory:

Hand Weapons
 o - the +1 flail "Hitir" {elec, Will++}
   (You found it on level 3 of the Dungeon)

   Will:      It greatly increases your willpower.
 q - the +9 dagger of Regicide {heavy, *Noise rElec rCorr Dex+5}
   (You found it on level 5 of the Lair of Beasts)

   Dex:       It affects your dexterity (+5).
   rElec:     It insulates you from electricity.
   *Noise:    It may make noises in combat.
   rCorr:     It protects you from acid and corrosion.
 C - a +4 scimitar of flaming
 K - a +3 sling of freezing
 Q - the +5 long sword "Demonbane" (weapon) {freeze, Stlth+}
   (You found it on level 1 of the Lair of Beasts)

   Stlth:     It makes you more stealthy.
Missiles
 d - 17 poisoned darts
 h - 6 atropa-tipped darts
 t - 6 silver javelins
 E - 10 throwing nets
 G - 12 curare-tipped darts
Armour
 r - the cursed +1 cloak of Ashenzari's Gnosis (worn) {Comp, Range}
   (You found it on level 5 of the Dungeon)

   It has a curse which improves the following skills: Companions: Summonings
   and Necromancy.
   Ranged Combat: Ranged Weapons and Throwing.
 x - the cursed +1 steam dragon scales of the Esoteric Anarchy (worn) {Bglg, Elem}
   (You found it on level 6 of the Dungeon)

   It has a curse which improves the following skills: Beguiling: Conjurations,
   Hexes and Translocations.
   Elements:  Fire Magic, Ice Magic, Air Magic and Earth Magic.
 A - the cursed +1 pair of boots of Curses and Power (worn) {Elem, Self}
   (You found it on level 5 of the Lair of Beasts)

   It has a curse which improves the following skills: Elements: Fire Magic, Ice
   Magic, Air Magic and Earth Magic.
   Introspection: Fighting and Spellcasting.
 B - the cursed +0 buckler "Ensconced Together" (worn) {Melee, Range}
   (You took it off a gnoll sergeant on level 8 of the Dungeon)

   It has a curse which improves the following skills: Melee Combat: Short
   Blades, Long Blades, Axes, Maces & Flails, Polearms, Staves and Unarmed
   Combat.
   Ranged Combat: Ranged Weapons and Throwing.
 N - a +0 pair of gloves of stealth
 O - the cursed +0 pair of gloves of the Enigmatic God (worn) {Elem, Cun}
   (You found it on level 1 of the Lair of Beasts)

   It has a curse which improves the following skills: Elements: Fire Magic, Ice
   Magic, Air Magic and Earth Magic.
   Cunning:   Dodging and Stealth.
Jewellery
 g - the cursed amulet of Ashenzari's Comet (around neck) {Spirit rF+ rC+ Dex+2, Self, Fort}
   (You acquired it on level 3 of the Dungeon)

   [amulet of guardian spirit]

   It causes incoming damage to be divided between your reserves of health and
   magic.
   Dex:       It affects your dexterity (+2).
   rF:        It protects you from fire.
   rC:        It protects you from cold.
   It has a curse which improves the following skills: Introspection: Fighting
   and Spellcasting.
   Fortitude: Armour and Shields.
 k - a ring of willpower
 l - the ring "Unuzifaydo" {rC+ EV+5 Str+3 Stlth+}
   (You found it in a Gauntlet)

   [ring of evasion]

   EV:        It affects your evasion (+5).
   Str:       It affects your strength (+3).
   rC:        It protects you from cold.
   Stlth:     It makes you more stealthy.
 m - an amulet of magic regeneration
 n - the cursed ring "Failure of Ashenzari" (left hand) {Wiz, Dev, Self}
   (You found it on level 2 of the Dungeon)

   [ring of wizardry]

   It improves your spell success rate.
   It has a curse which improves the following skills: Devices: Evocations and
   Shapeshifting.
   Introspection: Fighting and Spellcasting.
 X - the cursed ring of Ouranomancy (right hand) {rPois rF+ rCorr Str-3 Dex+3 Slay+4, Dev, Elem}
   (You acquired it on level 4 of the Lair of Beasts)

   [ring of slaying]

   Str:       It affects your strength (-3).
   Dex:       It affects your dexterity (+3).
   Slay:      It affects your accuracy & damage with ranged weapons and melee
   (+4).
   rF:        It protects you from fire.
   rPois:     It protects you from poison.
   rCorr:     It protects you from acid and corrosion.
   It has a curse which improves the following skills: Devices: Evocations and
   Shapeshifting.
   Elements:  Fire Magic, Ice Magic, Air Magic and Earth Magic.
Talismans
 f - a serpent talisman
 j - a blade talisman
 R - a maw talisman
Wands
 c - a wand of paralysis (3)
 s - a wand of roots (10)
 H - a wand of light (5)
 M - a wand of mindburst (10)
 T - a wand of digging (4)
Scrolls
 e - 2 scrolls of fear
 p - 2 scrolls of silence
 w - 3 scrolls of blinking
 y - 4 scrolls of fog
 z - a scroll of poison
 J - 3 scrolls of revelation
 S - 3 scrolls of enchant weapon
 W - 4 scrolls of teleportation
 Y - a scroll of brand weapon
Potions
 b - a potion of magic
 i - a potion of cancellation
 u - 3 potions of brilliance
 v - 6 potions of curing
 D - 2 potions of might
 F - 2 potions of enlightenment
 L - a potion of resistance
 P - a potion of haste
 U - a potion of heal wounds
 V - 2 potions of berserk rage
 Z - a potion of ambrosia
Miscellaneous
 a - a phantom mirror
 I - a lightning rod (1/4)


   Skills:
 + Level 11.7(15.9) Fighting
 + Level 10.8(12.9) Long Blades
 - Level 4.0(6.0) Armour
 - Level 7.1(9.3) Dodging
 - Level 7.7(9.9) Stealth
 - Level 2.6(4.4) Shields
 - Level 11.8(15.9) Spellcasting
 + Level 3.2(5.1) Conjurations
 - Level 4.7(6.8) Summonings
 - Level 3.4(5.3) Translocations
 - Level 8.5(13.5) Ice Magic
 - Level 2.3(6.0) Air Magic
 - Level 3.3(6.1) Evocations
 - Level 6.6(9.8) Shapeshifting


You had 23 spell levels left.
You knew the following spells:

 Your Spells              Type           Power      Damage    Failure   Level
a - Freeze                Ice            100%       1d10      1%          1
b - Frozen Ramparts       Ice            100%       1d16      1%          3
c - Ozocubu's Armour      Ice            61%        N/A       1%          3
d - Blink                 Tloc           70%        N/A       1%          2
e - Summon Ice Beast      Ice/Summ       52%        N/A       1%          4
f - Summon Lightning Spi  Summ/Air       39%        N/A       1%          4
g - Freezing Cloud        Conj/Ice/Air   23%        6-21      2%          5

Your spell library contained the following spells:

 Spells                   Type           Power      Damage    Failure   Level
 Foxfire                  Conj/Fire      100%       2x1d9     1%          1
 Kiss of Death            Conj/Necr      100%       2d13      1%          1
 Magic Dart               Conj           100%       1d8       1%          1
 Call Imp                 Summ           82%        N/A       1%          2
 Cigotuvi's Dreadful Rot  Necr/Pois/Air  46%        N/A       1%          2
 Lesser Beckoning         Tloc           70%        N/A       1%          2
 Momentum Strike          Conj/Tloc      70%        3d9       1%          2
 Static Discharge         Conj/Air       72%        2-5/arc   1%          2
 Gell's Gravitas          Tloc           35%        N/A       1%          3
 Mephitic Cloud           Conj/Pois/Air  29%        N/A       1%          3
 Teleport Other           Tloc           35%        N/A       1%          3
 Slow                     Hex            64%        N/A       2%          1
 Dazzling Flash           Conj/Hex       50%        N/A       2%          3
 Volatile Blastmotes      Fire/Tloc      52%        2d14      2%          3
 Airstrike                Air            19%        2d(3-19)  2%          4
 Passage of Golubria      Tloc           35%        N/A       2%          4
 Confusing Touch          Hex            16%        N/A       7%          3
 Ignite Poison            Fire/Tmut/Pois 16%        N/A       7%          3
 Tukima's Dance           Hex            16%        N/A       7%          3
 Vampiric Draining        Necr           16%        2d7       7%          3
 Dispersal                Tloc           17%        N/A       38%         6
 Yara's Violent Unravell  Hex/Tmut       7%         3d5       52%         5
 Plasma Beam              Fire/Air       14%        2x1d25    65%         6
 Starburst                Conj/Fire      13%        6d5       71%         6
 Maxwell's Capacitive Co  Air            19%        ∞         100%        8


Dungeon Overview and Level Annotations

Branches:
Dungeon (14/15)            Temple (1/1) D:6            Lair (5/5) D:9
  Swamp (0/4) Lair:2        Snake (0/4) Lair:2        Slime (0/5) Lair:5
    Orc (0/2) D:10         Bailey (visited)         Gauntlet (visited)
 Vaults: D:13-14

Altars:
Ashenzari
Dithmenos
Fedhas
Gozag
Hepliaklqana
Kikubaaqudgha
Makhleb
Nemelex Xobeh
Okawaru
Qazlal
Ru
Sif Muna
Trog
Uskayaw
Vehumet
Wu Jian
Xom
Yredelemnul

Annotations:
D:4 3 runed translucent doors, GiantSquids's ghost, novice OpSh
D:7 Joseph
D:8 Amaemon
Lair:4 exclusion: ice statue
Lair:5 exclusion: ice statue


Innate Abilities, Weirdness & Mutations

You have a pair of large antennae on your head. (SInv)
You are surrounded by a strong repulsion field. (EV +4, RMsl)
You sometimes emit foul miasma when damaged in melee.
You are mostly covered in sharp spines.


Message History

The slime creature misses you.
You barely miss the slime creature.
The slime creature is heavily wounded.
The slime creature is struck by your spines.
The slime creature hits you but does no damage.
Two slime creatures merge to form a large slime creature.
You barely miss the large slime creature.
The large slime creature is moderately wounded.
Two slime creatures merge to form a very large slime creature.
You slice the very large slime creature!!
You freeze the very large slime creature.
The very large slime creature is moderately wounded.
The slime creature quivers. x2
You slash the very large slime creature!
You freeze the very large slime creature.
The very large slime creature is heavily wounded.
The very large slime creature hits you but does no damage.
You slice the very large slime creature!!
You freeze the very large slime creature.
The very large slime creature is heavily wounded.
Two slime creatures merge to form an enormous slime creature.
Two slime creatures merge to form a titanic slime creature.
You slash the titanic slime creature! You freeze the titanic slime creature.
The titanic slime creature is heavily wounded.
The titanic slime creature completely misses you.
You slash the titanic slime creature! You freeze the titanic slime creature!
The titanic slime creature is heavily wounded.
The titanic slime creature hits you!!!!
Ouch! That really hurt!
You are too injured to fight recklessly!
You are too injured to fight recklessly!
You are too injured to fight recklessly!
Unknown command.
The titanic slime creature attacks as you move away!
The titanic slime creature is struck by your spines.
The titanic slime creature closely misses you.
Casting: Summon Ice Beast (safe; 1% risk of failure)
Confirm with . or Enter, or press ? or * to list all spells.
A chill wind blows around you. The titanic slime creature hits you!!!
You die...

,,,,,
*#...........#....#.### ,
, #..........#.#...#.. ,
* ,, ,*
#####'###?#...#..#######
* , *
#...#.#...#........# *
###.#.#...#.##..#### ,
########.#..#.#..##.#####
* **
#............#...........
,*
###...###...#.#...###...#
,,,, ,
#..#.#..@#.#...#.#...#.#.
, ,.
..#..J.Y#.....#.....#.. ,
,..#.#...#.#...#.#...#.#.
,, , *
###...###...#.#...###...#
, #.....,,
....#........... * *,*
###..., ....#.#..........
*, #... ...#...#.##.#####
** #### + #.#.^.#.##.# ,
* #...#.##.#


You could see a titanic slime creature (ally target) and a friendly ice beast
(summoned).

Vanquished Creatures
  A minotaur (Gauntlet)
  Josephine (Lair:3)
  Harold (Lair:1)
  A hydra (Lair:5)
  Erica (D:8)
  2 ogre magi (D:11)
  8 two-headed ogres
  2 catoblepae
  A centaur warrior (D:11)
  3 boulder beetles
  4 skeletal warriors (D:13)
  A goliath frog (Lair:5)
  2 skysharks (Lair:5)
  A bog body (Lair:2)
  A deep elf pyromancer (D:11)
  Pikel (D:8)
  An oklob plant (Gauntlet)
  10 cyclopes
  2 manticores (D:12)
  5 black mambas
  3 ugly things
  30 elephants
  A torpor snail (Lair:3)
  6 rime drakes
  A gargoyle (D:13)
  16 cane toads
  An unseen horror (D:10)
  A kobold demonologist (D:12)
  3 efreet
  A freezing wraith (Lair:4)
  14 komodo dragons
  4 trolls
  7 polar bears
  Prince Ribbit (D:6)
  2 hornets (Lair:4)
  13 blink frogs (Lair:5)
  3 slime creatures (D:13)
  18 flying skulls (Gauntlet)
  2 vampires (D:12)
  A jumping spider (shapeshifter) (D:13)
  A shadow (D:11)
  4 wraiths (Lair:3)
  3 basilisks
  7 wyverns
  63 yaks
  Grum (D:8)
  4 steam dragons
  A death yak simulacrum (Lair:4)
  8 vampire mosquitoes
  Menkaure (D:6)
  9 acid dragons
  2 nagas (Lair:2)
  19 water moccasins
  3 orc warriors
  A swamp drake (D:10)
  9 ice beasts (Lair:5)
  4 black bears
  A boggart (shapeshifter) (D:11)
  3 ogres
  4 centaurs
  7 wolves
  3 kobold brigands
  19 bullfrogs
  9 gnoll sergeants
  A cane toad simulacrum (Lair:4)
  A two-headed ogre simulacrum (Lair:4)
  3 scorpions
  5 wights
  17 killer bees
  9 howler monkeys
  A vampire bat (D:4)
  6 electric eels
  2 jellies
  7 hounds
  7 orc priests
  A sleepcap (D:6)
  6 gnoll boudas
  11 orc wizards
  6 iguanas
  3 spriggan simulacra (Lair:4)
  A troll simulacrum (Lair:4)
  27 gnolls
  A naga simulacrum (Lair:4)
  8 adders
  A white imp (D:7)
  A worm (D:2)
  2 dart slugs
  37 orcs
  13 bats
  5 endoplasms
  2 giant cockroaches
  10 goblins
  4 hobgoblins
  2 jackals (D:2)
  5 quokkas
  3 ball pythons (D:1)
  7 frilled lizards
  20 kobolds
  9 rats
607 creatures vanquished.

Vanquished Creatures (collateral kills)
  4 elephants
  A cane toad (Lair:5)
  2 blink frogs (Lair:5)
  A slime creature (D:13)
  5 yaks
  2 basilisks
  A water moccasin (Lair:3)
  An orc warrior (D:10)
  A wolf (Lair:4)
  2 electric eels (Lair:4)
  An orc priest (D:10)
  A hound (Bailey)
  A gnoll (Bailey)
  2 orcs (D:10)
25 creatures vanquished.

Grand Total: 632 creatures vanquished

Notes
Turn   | Place    | Note
-------+----------+-------------------------------------------
     0 | D:1      | Zonian the Demonspawn Ice Elementalist began the quest for
                  | the Orb.
     0 | D:1      | Reached XP level 1. HP: 13/13 MP: 3/3
   322 | D:1      | Gained mutation: You may rarely emit foul miasma when
                  | damaged in melee. [demonic ancestry]
   322 | D:1      | Reached XP level 2. HP: 18/19 MP: 3/5
  1285 | D:2      | Gained mutation: You are surrounded by a mild repulsion
                  | field. (EV +2) [demonic ancestry]
  1285 | D:2      | Reached XP level 3. HP: 24/24 MP: 6/6
  1293 | D:2      | Found a faded altar of an unknown god.
  1372 | D:2      | Learned a level 3 spell: Frozen Ramparts
  2126 | D:3      | Identified the +1 flail "Hitir" {elec, Will++}
  2543 | D:3      | Identified a scroll of acquirement
  2543 | D:3      | Acquired the amulet "Xolegiak" {Spirit rF+ rC+ Dex+2}
  2554 | D:3      | Reached XP level 4. HP: 30/30 MP: 4/7
  2910 | D:3      | Upgraded the game from 0.31-a0-303-gdc8c9485ea to
                  | 0.31-a0-339-gda1cbd555d
  3329 | D:4      | Reached XP level 5. HP: 34/35 MP: 9/9
  4200 | D:4      | Gained mutation: You have a pair of small antennae on your
                  | head. [demonic ancestry]
  4200 | D:4      | Reached XP level 6. HP: 18/41 MP: 2/11
  4831 | D:4      | Found a runed translucent gate.
  4831 | D:4      | Found a runed translucent gate.
  4832 | D:4      | Found a runed translucent gate.
  4834 | D:4      | Noticed GiantSquids's ghost (novice OpSh)
  4856 | D:4      | Identified the +0 ring mail of the Present {Harm rPois
                  | Int+4 Dex+3}
  5030 | D:4      | Found an opulent altar of Gozag.
  5031 | D:4      | Found a stormy altar of Qazlal.
  5033 | D:4      | Found a shadowy altar of Dithmenos.
  5426 | D:5      | Entered Level 5 of the Dungeon
  5776 | D:5      | Gained mutation: You sometimes emit foul miasma when
                  | damaged in melee. [demonic ancestry]
  5776 | D:5      | Reached XP level 7. HP: 46/46 MP: 12/12
  6000 | D:5      | Learned a level 3 spell: Ozocubu's Armour
  6003 | D:5      | Learned a level 2 spell: Blink
  6008 | D:5      | Learned a level 4 spell: Summon Ice Beast
  6225 | D:6      | Found a blossoming altar of Fedhas.
  6231 | D:5      | Reached skill level 5 in Ice Magic
  6355 | D:6      | Found a staircase to the Ecumenical Temple.
  6355 | D:6      | Noticed Prince Ribbit
  6355 | D:6      | Noticed a yak
  6366 | D:6      | Killed Prince Ribbit
  6368 | D:6      | Noticed a yak
  6369 | D:6      | Killed a yak
  6369 | D:6      | Noticed a yak
  6370 | D:6      | Noticed a yak
  6374 | D:6      | Noticed a yak
  6374 | D:6      | Noticed Menkaure
  6387 | D:6      | Gained mutation: You are surrounded by a moderate repulsion
                  | field. (EV +3) [demonic ancestry]
  6387 | D:6      | Reached XP level 8. HP: 11/52 MP: 4/15
  6388 | D:6      | Killed Menkaure
  6389 | D:6      | Reached skill level 5 in Stealth
  6456 | D:6      | Reached skill level 5 in Spellcasting
  6607 | D:6      | Reached skill level 5 in Dodging
  7195 | D:6      | Reached XP level 9. HP: 57/57 MP: 9/17
  7281 | Temple   | Entered the Ecumenical Temple
  7342 | Temple   | Became a worshipper of Ashenzari the Shackled
  8826 | D:7      | Noticed Joseph
  9496 | D:8      | Reached * piety under Ashenzari
  9574 | D:8      | Reached skill level 1 in Summonings
  9735 | D:8      | Noticed Pikel
  9750 | D:8      | Killed Pikel
  9751 | D:8      | Gained mutation: You are surrounded by a strong repulsion
                  | field. (EV +4, RMsl) [demonic ancestry]
  9751 | D:8      | Reached XP level 10. HP: 63/63 MP: 14/21
  9753 | D:8      | Noticed Erica
  9762 | D:8      | Killed Erica
 11071 | D:8      | Noticed Grum
 11079 | D:8      | Killed Grum
 11602 | D:8      | Noticed Amaemon
 11611 | D:8      | Noticed an orange demon
 11843 | D:8      | Found a sacrificial altar of Ru.
 11874 | D:8      | Found a hide-covered altar of Uskayaw.
 11877 | D:8      | Found a hazy altar of Hepliaklqana.
 12022 | D:8      | Reached ** piety under Ashenzari
 12713 | D:9      | Reached skill level 1 in Fighting
 12713 | D:9      | Reached skill level 1 in Long Blades
 13122 | D:9      | Found a staircase to the Lair.
 13148 | D:9      | Gained mutation: You are partially covered in sharp spines.
                  | [demonic ancestry]
 13148 | D:9      | Reached XP level 11. HP: 74/77 MP: 17/24
 13201 | D:9      | Found a flagged portal.
 13211 | Bailey   | Entered a bailey
 14811 | D:9      | Reached skill level 1 in Shields
 14811 | D:9      | Reached skill level 1 in Translocations
 15219 | D:9      | Reached skill level 1 in Shapeshifting
 15581 | Lair:1   | Entered Level 1 of the Lair of Beasts
 15753 | Lair:1   | Reached *** piety under Ashenzari
 16264 | Lair:1   | Noticed Harold
 16418 | Lair:1   | Identified the +10 trident of Cejeena {holy, Fly Str+2}
 16483 | Lair:1   | Identified the +5 long sword "Demonbane" {freeze, Stlth+}
 16494 | Lair:1   | Reached **** piety under Ashenzari
 16684 | Lair:1   | Reached skill level 5 in Fighting
 16731 | Lair:1   | Reached XP level 12. HP: 72/92 MP: 11/27
 16734 | Lair:1   | Reached skill level 5 in Long Blades
 16919 | Lair:1   | Killed Harold
 17608 | Lair:2   | Found a staircase to the Swamp.
 17708 | Lair:2   | Found a staircase to the Snake Pit.
 18095 | Lair:3   | Noticed a catoblepas
 18116 | Lair:3   | Noticed Josephine
 19583 | Lair:3   | Killed a catoblepas
 19584 | Lair:3   | Reached skill level 10 in Spellcasting
 19836 | Lair:3   | Killed Josephine
 19837 | Lair:3   | Gained mutation: You have a pair of antennae on your head.
                  | [demonic ancestry]
 19837 | Lair:3   | Reached XP level 13. HP: 90/103 MP: 24/29
 20402 | Lair:4   | Reached skill level 5 in Shapeshifting
 21141 | Lair:4   | Acquired the ring of Harmony {rPois rF+ rCorr Str-3 Dex+3
                  | Slay+4}
 21780 | Lair:4   | Identified the +3 long sword "Culonaq" {freeze, +Blink
                  | rPois rF- Int+3}
 22400 | Lair:5   | Entered Level 5 of the Lair of Beasts
 22926 | Lair:5   | Gained mutation: You are mostly covered in sharp spines.
                  | [demonic ancestry]
 22926 | Lair:5   | Reached XP level 14. HP: 101/115 MP: 23/31
 23042 | Lair:5   | Identified the cursed +0 pair of gloves of the Enigmatic
                  | God {Elem, Cun} (You found it on level 1 of the Lair of
                  | Beasts)
 23042 | Lair:5   | Identified the cursed +0 buckler "Ensconced Together"
                  | {Melee, Range} (You took it off a gnoll sergeant on level 8
                  | of the Dungeon)
 23333 | Lair:5   | Reached ***** piety under Ashenzari
 23507 | Lair:5   | Identified the cursed +1 cloak of Ashenzari's Gnosis {Comp,
                  | Range} (You found it on level 5 of the Dungeon)
 23507 | Lair:5   | Identified the cursed +1 pair of boots of Curses and Power
                  | {Elem, Self} (You found it on level 5 of the Lair of
                  | Beasts)
 23507 | Lair:5   | Identified the cursed +1 steam dragon scales of the
                  | Esoteric Anarchy {Bglg, Elem} (You found it on level 6 of
                  | the Dungeon)
 23544 | Lair:5   | Identified the Catalogue of Mortification
 23567 | Lair:5   | Identified the Parchment of the Charged Mesa
 23567 | Lair:5   | Identified the +4 hat of the Moon Troll {rPois rN+ Will++
                  | Int-5}
 23633 | Lair:5   | Reached skill level 10 in Fighting
 23831 | Lair:5   | Identified the +9 dagger of Regicide {heavy, *Noise rElec
                  | rCorr Dex+5}
 23831 | Lair:5   | Identified the Compendium of Hurtful Shifting
 23954 | Lair:5   | Identified the +3 spear "Wuylamec" {freeze, Dex+2}
 24228 | Lair:5   | Found a staircase to the Slime Pits.
 24291 | Lair:5   | Learned a level 4 spell: Summon Lightning Spire
 24421 | D:10     | Entered Level 10 of the Dungeon
 24433 | D:10     | Found a basalt altar of Yredelemnul.
 24853 | D:10     | Reached skill level 1 in Armour
 24853 | D:10     | Reached skill level 1 in Air Magic
 25096 | D:10     | Found a staircase to the Orcish Mines.
 25501 | D:11     | Reached skill level 1 in Evocations
 25509 | D:11     | Found a runed translucent door.
 25628 | D:11     | Reached skill level 10 in Long Blades
 26307 | D:12     | Found a gate leading to a gauntlet.
 26320 | Gauntlet | Entered a Gauntlet
 26320 | Gauntlet | Found a transporter.
 26329 | Gauntlet | Found a transporter.
 26331 | Gauntlet | Found a transporter.
 26335 | Gauntlet | Found a runed translucent door.
 26355 | Gauntlet | Found a transporter.
 26410 | Gauntlet | Found a runed translucent door.
 26417 | Gauntlet | Found a transporter.
 26417 | Gauntlet | Found a transporter.
 26417 | Gauntlet | Found a transporter.
 26500 | Gauntlet | Gained mutation: You have a pair of large antennae on your
                  | head. (SInv) [demonic ancestry]
 26500 | Gauntlet | Reached XP level 15. HP: 126/129 MP: 32/34
 26557 | Gauntlet | Identified the ring "Unuzifaydo" {rC+ EV+5 Str+3 Stlth+}
 26558 | Gauntlet | Found a transporter.
 26559 | Gauntlet | Found a transporter.
 26762 | D:12     | Learned a level 5 spell: Freezing Cloud
 26881 | D:12     | Reached skill level 1 in Conjurations
 29811 | D:14     | Mangled by a titanic slime creature

Illustrated notes

Levels and vault maps discovered:
D:1:      minmay_arrival_split_and_join, layout_loops_ring, moated_statue
D:2:      layout_rooms, shapermc_ecumenical_altar_mp_highgroup,
          minmay_pentomino_t2
D:3:      minmay_diamond_boxcup, layout_loops_ring
D:4:      layout_cave_pods, mainiacjoe_overflow_alcove_3,
          biasface_ghost_orc_armoury, roderic_batcave, minmay_misc_feat_chi
D:5:      layout_basic
D:6:      cheibrodos_steamvent, layout_rooms,
          mainiacjoe_overflow_catch_the_wave, minmay_temple_entry_glass,
          uniq_prince_ribbit1, uniq_menkaure
D:7:      layout_cave_pools, chei_slow_surprise, corexii_corridor_pit,
          minmay_misc_feat_cross, serial_park_tiny_2, uniq_joseph
D:8:      layout_cave_pods, mainiacjoe_overflow_24_doors,
          gammafunk_temple_overflow_forgotten, serial_column_ruins,
          column_ruins_square_small, column_ruins_square_large,
          column_ruins_grid_1, column_ruins_columns_water,
          column_ruins_columns_straight, column_ruins_grid_4,
          serial_bayou_lagoon_b, uniq_pikel, uniq_grum, uniq_amaemon, uniq_erica
D:9:      minmay_octagon_keep, layout_gridville, minmay_lair_entry_grove,
          enter_bailey_4, st_stairs_11
D:10:     layout_basic, mainiacjoe_overflow_alcove_4, erik_orc_1,
          onia_ninara_cookie
D:11:     minmay_the_grid_triangle_9x9_rhombus_thin
          [minmay_the_grid_triangle_9x9_impossible_snake,
          minmay_the_grid_triangle_9x9_prize_center,
          minmay_the_grid_triangle_9x9_zippers_horizontal,
          minmay_the_grid_triangle_9x9_subtriangle], layout_loops_ring
D:12:     layout_rooms, gauntlet_entry_generic
D:13:     layout_layer_cave
D:14:     layout_roguey, erik_vaults_1, nicolae_twisting_strands, uniq_louise
Temple:   dpeg_chambers_temple
Lair:1:   layout_long_grid, serial_bayou_ford_a, lemuel_fruit_tree, uniq_harold
Lair:2:   layout_misc_corridors, skrybe_swamp_entry_bodies,
          guppyfry_snake_entry_garden, grunt_megastairs_4
Lair:3:   layout_gridlike, serial_forest, infiniplex_forest_zigzag_2,
          infiniplex_forest_lined_room_2, infiniplex_forest_corner_2,
          infiniplex_forest_lined_3_way, infiniplex_forest_lined_ring,
          infiniplex_forest_zigzag_1, infiniplex_forest_straight_2,
          uniq_josephine
Lair:4:   dreamdust_isle_of_ice, layout_regular_city, pdpol_lair_cavern_descent
Lair:5:   minmay_lair_end_frog_pond, layout_regular_city,
          dpeg_slime_entry_enclosed, ice2_lemuel, serial_bayou_shore_b

Skill      XL: |  1  2  3  4  5  6  7  8  9 10 11 12 13 14 15 |
---------------+----------------------------------------------+-----
Stealth        | 2 3 4 6 7 |  7.7
Dodging        | 2 3 4 5 6 7 |  7.1
Ice Magic      | 4 5 6 7 8 |  8.5
Spellcasting   | 3 4 5 6 7 8 10 11 | 11.8
Summonings     | 1 4 |  4.7
Fighting       | 3 5 7 9 11 | 11.7
Long Blades    | 2 4 6 8 10 | 10.8
Shields        | 2 |  2.6
Translocations | 3 |  3.4
Shapeshifting  | 2 4 6 |  6.6
Armour         | 3 4 |  4.0
Air Magic      | 2 |  2.3
Evocations     | 3 |  3.3
Conjurations   | 3 |  3.2

Action                     |  1- 3 |  4- 6 |  7- 9 | 10-12 | 13-15 || total
---------------------------+-------+-------+-------+-------+-------++-------
  Melee: Short sword       |    74 |       |       |       |       ||    74
         Unarmed           |     1 |       |       |       |    24 ||    25
         Flail             |    12 |    77 |       |    27 |     4 ||   120
         Rapier            |       |    27 |   190 |     4 |       ||   221
         Dagger            |       |    19 |       |       |       ||    19
         Punch             |       |       |     1 |     2 |       ||     3
         Scimitar          |       |       |       |   193 |    60 ||   253
         Long sword        |       |       |       |   170 |   689 ||   859
         Constrict         |       |       |       |       |     1 ||     1
  Throw: Throwing net      |       |       |     4 |       |       ||     4
         Dart              |       |       |     6 |     4 |     3 ||    13
   Cast: Freeze            |    39 |    30 |     8 |     6 |     2 ||    85
         Frozen Ramparts   |       |     4 |    25 |    46 |    35 ||   110
         Ozocubu's Armour  |       |       |     5 |     7 |    10 ||    22
         Summon Ice Beast  |       |       |       |    16 |    24 ||    40
         Blink             |       |       |       |     1 |     1 ||     2
 Invoke: Curse Item        |       |       |     2 |     5 |     2 ||     9
         Shatter the Chain |       |       |       |       |     1 ||     1
Ability: Begin Untransform |       |       |       |       |     2 ||     2
  Evoke: Wand              |       |       |    11 |       |     3 ||    14
         Lightning rod     |       |       |       |     6 |     3 ||     9
    Use: Scroll            |     6 |     5 |     9 |     4 |     2 ||    26
         Potion            |       |       |     1 |     1 |       ||     2
   Stab: Sleeping          |     8 |     5 |     3 |    13 |    20 ||    49
         Distracted        |     1 |       |     1 |     2 |     5 ||     9
         Invisible         |       |       |     1 |       |       ||     1
         Paralysed         |       |       |       |       |     1 ||     1
 Armour: Robe              |    18 |    28 |    37 |       |       ||    83
         Steam dragon scal |       |       |    36 |    94 |   111 ||   241
         Skin              |       |       |       |       |     8 ||     8
  Dodge: Dodged            |    88 |   146 |   208 |   418 |   590 ||  1450
         Repelled          |       |       |       |     9 |    10 ||    19
  Block: Buckler           |       |       |       |    78 |   187 ||   265
   Form: Blade             |       |       |       |       |     1 ||     1
         Anaconda          |       |       |       |       |     1 ||     1

Table legend: (Time is in decaauts)
 A = Elapsed time spent in this place.
 B = Non-inter-level travel time spent in this place.
 C = Inter-level travel time spent in this place.
 D = Time resting spent in this place.
 E = Time spent auto-exploring this place.
 F = Levels seen in this place.
 G = Mean time per level.
                   A        B        C        D        E       F      G
               +--------+--------+--------+--------+--------+-----+--------+
         Total |  30000 |  29215 |    785 |  11758 |   9567 |  22 | 1363.6 |
       Dungeon |  19180 |  18694 |    486 |   7263 |   7097 |  14 | 1370.0 |
        Temple |     88 |     61 |     27 |      0 |      0 |   1 |   88.0 |
          Lair |   8936 |   8665 |    271 |   3478 |   2293 |   5 | 1787.2 |
        Bailey |   1369 |   1369 |      0 |    902 |    177 |   1 | 1369.0 |
      Gauntlet |    425 |    425 |      0 |    114 |      0 |   1 |  425.0 |
               +--------+--------+--------+--------+--------+-----+--------+

Top non-repeatable levels by time:
     D:8: 3275 daAuts
  Lair:3: 2265 daAuts
  Lair:4: 2255 daAuts
     D:4: 2141 daAuts
    D:13: 2071 daAuts
  Lair:1: 1803 daAuts
     D:6: 1793 daAuts
  Lair:5: 1771 daAuts
     D:9: 1603 daAuts
  Bailey: 1369 daAuts
     D:3: 1298 daAuts
     D:7: 1281 daAuts
     D:1: 1252 daAuts
    D:11: 1071 daAuts
     D:5: 852 daAuts
